Map: Blood Boil LE

Players

PiG - Winner!

  • Race: Zerg Zerg
  • League: Grandmaster
  • Spawn Location: 11:00

TOP

  • Race: Terran Terran
  • League: Grandmaster
  • Spawn Location: 5:00

VOD

https://www.youtube.com/watch?v=KEoJpdlB0vw

Description

Time

  • Played on: June 6, 2017, 8:02 p.m.
  • Length: 26:52
Show
View Real Time Build Order
Export as new Build Order

PiG Zerg - Winner!

Build Orders: Hatch First, Muta Ling Bane 

Get SALT Encoding   

  12  0:00  Drone, Unknown  
  13  0:13  Overlord  
  13  0:17  Drone  
  14  0:32  Drone x2  
  16  0:36  Drone  
  17  0:53  Hatchery  
  17  0:56  Drone  
  17  1:00  Drone  
  18  1:12  Extractor  
  18  1:15  Spawning Pool  
  18  1:18  Drone  
  17  1:21  Drone  
  18  1:29  Drone  
  19  1:46  Overlord  
  19  1:51  Drone  
  20  2:02  Queen  
  20  2:04  Zergling x2  
  20  2:05  Queen  
  20  2:06  Zergling x2  
  26  2:13  Metabolic Boost  
  26  2:14  Drone  
  27  2:16  Zergling x2  
  29  2:22  Drone  
  29  2:26  Drone  
  30  2:36  Drone  
  31  2:41  Queen  
  33  2:44  Overlord  
  33  2:55  Drone x3  
  36  3:07  Hatchery  
  36  3:08  Drone x2  
  37  3:13  Drone x2  
  37  3:18  Overlord  
  39  3:20  Drone  
  40  3:30  Drone  
  40  3:31  Drone x2  
  40  3:33  Extractor  
  42  3:41  Drone x3, Roach Warren  
  45  3:46  Overlord  
  43  4:03  Overlord  
  43  4:15  Queen  
  43  4:17  Overlord  
  45  4:23  Roach x9  
  62  4:30  Queen  
  64  4:35  Drone, Spore Crawler  
  64  4:36  Drone x2, Spore Crawler  
  65  4:43  Drone x3  
  68  4:46  Ravager x2  
  70  5:00  Drone x8  
  78  5:12  Evolution Chamber  
  78  5:14  Drone  
  78  5:15  Evolution Chamber  
  77  5:24  Overlord x2  
  77  5:25  Drone  
  77  5:26  Drone x4  
  76  5:53  Drone  
  75  6:02  Drone x7  
  75  6:03  Zerg Ground Armor Level 1, Zerg Melee Weapons Level 1  
  75  6:04  Lair  
  76  6:05  Drone x5  
  76  6:06  Baneling Nest  
  74  6:12  Drone  
  74  6:14  Extractor  
  74  6:16  Extractor  
  74  6:17  Hatchery  
  74  6:19  Extractor  
  73  6:29  Queen  
  73  6:33  Drone x3  
  73  6:35  Drone  
  73  6:37  Drone x2  
  73  6:38  Drone  
  80  6:41  Roach x7  
  94  6:52  Roach x2  
  98  7:01  Overlord  
  98  7:02  Overlord x3, Centrifical Hooks, Glial Reconstitution  
  95  7:14  Queen  
  90  7:19  Queen  
  90  7:20  Drone x10  
  100  7:30  Drone x2  
  106  7:44  Roach x10  
  106  7:46  Overseer  
  122  7:54  Spore Crawler  
  120  8:11  Spore Crawler  
  119  8:14  Overlord  
  119  8:15  Zerg Ground Armor Level 2, Zerg Melee Weapons Level 2  
  119  8:18  Drone  
  119  8:19  Zergling x16, Extractor  
  127  8:20  Extractor  
  127  8:22  Spire  
  125  8:33  Drone x3  
  129  8:34  Drone x3  
  129  8:35  Drone x4  
  129  8:37  Drone  
  136  8:42  Baneling  
  136  8:43  Baneling x9  
  136  8:47  Overlord x7  
  135  9:05  Zergling x22  
  146  9:11  Zergling x16  
  146  9:12  Overseer  
  146  9:13  Hatchery  
  146  9:15  Hatchery  
  151  9:21  Queen  
  151  9:30  Zergling x14  
  147  9:37  Mutalisk x2  
  147  9:38  Mutalisk x4  
  156  9:53  Overlord x2  
  156  9:54  Hatchery  
  156  9:55  Hatchery, Mutalisk  
  156  9:56  Mutalisk x4  
  164  10:11  Zerg Flyer Weapons Level 1  
  164  10:13  Mutalisk x2  
  168  10:16  Zergling x10  
  168  10:18  Baneling x3  
  173  10:27  Zergling x10  
  178  10:40  Infestation Pit  
  177  10:45  Overlord x3  
  177  10:49  Zergling x16  
  185  10:53  Baneling x14  
  185  10:54  Baneling x3  
  184  10:59  Zergling x6  
  186  11:09  Zergling x12  
  168  11:17  Zergling x4  
  168  11:20  Drone x3  
  171  11:26  Hive  
  171  11:33  Mutalisk x4  
  179  11:44  Zergling x2  
  179  11:45  Mutalisk x2  
  179  11:46  Hatchery  
  181  11:48  Drone  
  179  11:56  Zergling x14  
  185  12:15  Drone x4  
  185  12:16  Drone x2  
  185  12:17  Drone x9  
  185  12:21  Extractor x2  
  192  12:33  Baneling  
  192  12:34  Baneling x9  
  192  12:35  Baneling x12  
  191  12:38  Zerg Melee Weapons Level 3  
  189  12:58  Drone  
  189  12:59  Drone x2, Spore Crawler x2  
  189  13:02  Hatchery, Extractor  
  189  13:04  Overlord, Extractor  
  186  13:13  Zerg Ground Armor Level 3, Adrenal Glands  
  186  13:16  Ultralisk Cavern  
  188  13:23  Drone  
  188  13:24  Drone x2  
  184  13:42  Zergling x18  
  165  13:54  Zergling x28  
  166  14:02  Zerg Flyer Armor Level 1  
  162  14:10  Drone x3  
  162  14:15  Ultralisk x2  
  162  14:16  Ultralisk x2  
  187  14:17  Chitinous Plating  
  187  14:22  Drone x4  
  187  14:23  Ultralisk  
  193  15:00  Baneling x11  
  193  15:01  Baneling x9  
  193  15:07  Hatchery  
  191  15:18  Ultralisk  
  195  15:32  Pneumatized Carapace  
  194  15:52  Infestor, Pathogen Glands  
  194  15:53  Infestor x2  
  198  16:03  Hatchery  
  197  16:04  Extractor  
  197  16:06  Extractor  
  174  16:25  Corruptor x6  
  175  16:26  Corruptor x3  
  175  16:27  Corruptor  
  175  16:29  Ultralisk  
  175  16:32  Zerg Missile Weapons Level 1  
  193  16:33  Greater Spire  
  193  16:35  Spire  
  193  16:38  Drone x3  
  195  16:44  Drone x2  
  195  16:45  Drone  
  198  16:53  Baneling x2  
  198  16:54  Baneling  
  198  17:10  Extractor  
  197  17:22  Viper  
  181  17:40  Corruptor  
  181  17:41  Corruptor  
  181  17:43  Ultralisk x3, Zergling x12  
  181  17:44  Zergling x2  
  176  18:08  Ultralisk x2, Zergling x2  
  176  18:09  Zergling x10  
  186  18:19  Infestor  
  184  18:31  Zerg Flyer Armor Level 2, Zerg Flyer Weapons Level 2, Burrow  
  184  18:33  Corruptor x3  
  190  18:50  Hatchery  
  190  18:51  Extractor  
  178  19:19  Brood Lord x2  
  178  19:20  Brood Lord, Corruptor x2  
  178  19:21  Corruptor x2  
  195  19:24  Brood Lord x2  
  167  20:01  Corruptor x2  
  167  20:05  Corruptor x8  
  185  20:13  Corruptor x2  
  185  20:14  Corruptor x2  
  187  20:25  Overseer x4  
  174  21:00  Brood Lord x4  
  169  21:30  Zergling x2  
  169  21:31  Zergling x20  
  169  21:32  Corruptor x2  
  180  21:33  Drone x15  
  171  21:55  Drone x2  
  171  21:58  Drone, Spore Crawler  
  171  21:59  Drone x2  
  171  22:00  Drone x9  
  180  22:06  Spore Crawler  
  180  22:07  Spore Crawler  
  177  22:10  Spore Crawler x2  
  170  22:19  Corruptor x6  
  170  22:20  Infestor x4  
  184  22:25  Drone x3  
  184  22:26  Spore Crawler  
  184  22:27  Drone x5  
  183  22:30  Drone x3  
  183  22:31  Drone x9  
  190  22:39  Spore Crawler  
  190  22:41  Spore Crawler  
  188  22:45  Zergling x2  
  191  22:52  Brood Lord  
  191  22:53  Brood Lord  
  191  22:54  Baneling  
  191  22:55  Baneling x14  
  191  22:58  Zerg Flyer Weapons Level 3, Zerg Flyer Armor Level 3  
  193  22:59  Zerg Missile Weapons Level 2  
  193  23:03  Zergling x14  
  193  23:05  Baneling x4  
  200  23:06  Baneling x2  
  197  23:21  Drone x15  
  189  23:38  Drone x4, Hatchery  
  189  23:39  Drone  
  183  24:29  Zergling x32  
  189  24:41  Ultralisk x2  
  180  25:06  Baneling x13  
  179  25:07  Ultralisk x3  
  193  25:17  Hatchery  
  185  25:28  Ultralisk x2  
  185  25:29  Ultralisk  
  185  25:33  Drone x20  
  185  25:34  Drone x5  
  197  25:55  Hatchery  
  194  26:07  Drone x2, Hatchery  
  194  26:11  Drone x3  
  197  26:26  Hatchery  
Show
View Real Time Build Order
Export as new Build Order

TOP Terran 

Build Orders: Reaper Expand, MMM Bio 

Get SALT Encoding   

  12  0:00  Unknown  
  12  0:01  SCV  
  13  0:14  SCV  
  14  0:18  Supply Depot  
  14  0:26  SCV  
  15  0:30  Refinery  
  15  0:40  SCV  
  16  0:47  Barracks  
  16  0:52  SCV  
  18  1:04  SCV  
  18  1:18  SCV  
  19  1:34  Reaper  
  19  1:35  Orbital Command  
  20  1:47  Command Center  
  20  1:59  Factory  
  20  2:01  SCV  
  20  2:05  Refinery  
  21  2:10  Barracks Reactor  
  21  2:13  SCV  
  22  2:18  Supply Depot  
  22  2:26  SCV  
  23  2:40  SCV  
  24  2:44  Starport  
  24  2:52  SCV  
  24  2:53  Hellion x2  
  24  2:56  Barracks Tech Lab  
  29  3:04  Orbital Command  
  29  3:06  SCV  
  30  3:14  Hellion  
  30  3:18  SCV  
  33  3:28  Raven  
  33  3:30  SCV  
  33  3:31  Hellion  
  37  3:36  SCV  
  37  3:39  Hellion  
  40  3:43  SCV  
  40  3:48  SCV  
  42  3:49  Supply Depot  
  42  3:55  Barracks Tech Lab  
  42  4:05  SCV  
  42  4:09  SCV  
  44  4:10  Command Center  
  44  4:13  Raven  
  46  4:17  SCV  
  47  4:27  SCV  
  47  4:30  Factory Reactor, Stimpack  
  46  4:31  Marine  
  46  4:35  Barracks x2, Refinery  
  46  4:36  SCV  
  49  4:45  SCV  
  49  4:54  SCV, Marine  
  49  4:56  Banshee  
  54  5:03  Supply Depot, SCV  
  54  5:05  Supply Depot  
  54  5:06  SCV  
  52  5:15  SCV, Engineering Bay  
  52  5:16  Engineering Bay, Marine  
  52  5:20  Factory Tech Lab  
  54  5:22  Marine x2  
  56  5:28  SCV  
  56  5:29  Barracks  
  56  5:30  Barracks  
  55  5:39  Marine x3, Banshee  
  55  5:40  Marine  
  60  5:43  Marine  
  59  5:55  SCV x2  
  59  5:56  Marine  
  59  5:57  Marine x2  
  58  5:59  SCV  
  57  6:07  SCV  
  57  6:08  SCV  
  58  6:12  Orbital Command  
  58  6:17  Marine x3  
  60  6:20  SCV x2  
  60  6:21  Marine  
  60  6:23  Marine  
  64  6:28  Barracks Reactor  
  64  6:29  Barracks Reactor  
  64  6:32  Starport Reactor, SCV x2  
  66  6:38  Supply Depot  
  67  6:40  Supply Depot  
  67  6:42  Terran Infantry Weapons Level 1  
  67  6:44  Terran Infantry Armor Level 1, SCV  
  67  6:45  Orbital Command  
  67  6:53  SCV  
  68  6:56  SCV  
  68  6:57  Marine x2  
  68  6:58  Combat Shields  
  71  7:06  SCV  
  71  7:07  Marine x2  
  69  7:17  Marine x2  
  69  7:18  Marine x2  
  69  7:19  Medivac x2  
  69  7:20  Marauder, Marine x2  
  81  7:25  Marine x2  
  81  7:28  SCV  
  82  7:34  SCV x2, Marine x2  
  82  7:35  Marine  
  82  7:36  Marine  
  87  7:38  Armory  
  87  7:40  SCV  
  88  7:45  Armory  
  88  7:46  SCV x2  
  88  7:48  Supply Depot  
  88  7:50  Supply Depot  
  90  7:52  Marine x2  
  90  7:53  SCV  
  93  8:06  Supply Depot  
  93  8:07  Supply Depot  
  93  8:09  Marine x4, Medivac x2  
  93  8:12  Supply Depot  
  101  8:15  Marine x4  
  101  8:16  Marauder  
  101  8:17  SCV x2  
  109  8:20  Supply Depot x2  
  109  8:28  SCV, Marine x2  
  109  8:29  SCV  
  109  8:30  Marine x2  
  109  8:33  SCV  
  116  8:37  Marine x4  
  116  8:39  Siege Tank, Medivac  
  116  8:40  SCV  
  126  8:42  SCV  
  126  8:43  Supply Depot  
  126  8:44  Supply Depot  
  126  8:45  SCV  
  128  8:51  Marine  
  128  8:52  SCV  
  128  8:54  Marine  
  128  8:55  Marauder  
  130  8:59  SCV x2  
  132  9:04  SCV, Marine x3  
  132  9:06  Terran Infantry Weapons Level 2  
  136  9:11  Siege Tank  
  136  9:16  Marauder  
  141  9:20  Marine x2  
  143  9:29  Marine x2  
  139  9:36  Marine  
  139  9:37  Marine x3  
  133  9:40  Marine  
  133  9:43  Siege Tank  
  133  9:44  Marine x2  
  137  9:47  Marine x2  
  137  9:50  Refinery x2, Command Center  
  139  9:52  Terran Infantry Armor Level 2  
  139  9:54  Marine x4  
  139  9:58  Marine  
  144  10:01  Marine x2  
  144  10:05  Marine x2  
  148  10:07  Supply Depot  
  148  10:08  Supply Depot  
  148  10:10  Unknown  
  148  10:12  Barracks, Marine x4  
  152  10:14  Barracks x2  
  152  10:16  Marine  
  152  10:19  Marine x2  
  158  10:22  Marine x2  
  158  10:27  Missile Turret  
  155  10:30  Marine x4  
  155  10:32  Missile Turret x2  
  155  10:34  Marine  
  159  10:40  Factory Reactor  
  159  10:49  Marine x6  
  165  10:50  Marine x2, Medivac  
  165  10:51  Medivac  
  165  10:53  Marine  
  165  10:55  Supply Depot  
  165  10:56  Supply Depot  
  171  11:07  Marine x3  
  129  11:14  Marine x8  
  131  11:20  Medivac  
  131  11:22  Medivac  
  131  11:24  Marine x3  
  138  11:32  Marine x8  
  143  11:33  Widow Mine x2  
  150  11:42  Marine x3  
  153  11:50  Marine x4, Medivac  
  153  11:52  Marine x2  
  153  11:54  Marauder, Marine  
  153  12:00  Marine x3  
  157  12:01  Widow Mine x2  
  157  12:03  Planetary Fortress  
  157  12:07  Marine  
  157  12:08  Marine x3, Medivac  
  165  12:10  Marine x2  
  165  12:12  Marauder  
  173  12:15  Marauder  
  173  12:18  Marine x3  
  173  12:20  Medivac  
  172  12:25  Marine x4  
  172  12:28  Marine x2  
  178  12:30  Widow Mine x2  
  178  12:33  Marauder  
  178  12:36  Terran Infantry Weapons Level 3, Marine x2  
  188  12:37  Marauder  
  188  12:41  Marine  
  188  12:43  Marine x3  
  192  12:48  Marine x2  
  194  12:52  Medivac x2  
  194  12:53  Marine  
  199  13:01  Barracks Tech Lab  
  199  13:04  Terran Infantry Armor Level 3, Missile Turret  
  199  13:05  Missile Turret  
  189  13:08  Terran Ship Weapons Level 1  
  189  13:24  Missile Turret x3  
  189  13:25  Missile Turret x2  
  130  13:49  Marauder, Marine x5  
  130  13:50  Liberator x2, Marauder x3  
  130  13:54  Marine x2  
  116  13:59  Marine  
  116  14:00  Widow Mine  
  119  14:07  Marine x5  
  130  14:10  Marine  
  130  14:11  Marauder, Marine x2  
  130  14:12  Marine x2  
  130  14:13  Starport  
  130  14:17  Marine  
  138  14:24  Marine  
  138  14:25  Marine x2  
  138  14:29  Marauder x3  
  145  14:32  Marauder, Marine x4  
  145  14:33  Liberator x2, Widow Mine  
  153  14:39  Marine  
  153  14:42  Marine x2  
  156  14:48  Unknown x2  
  156  14:50  Marauder x3  
  167  14:54  Marauder, Unknown x3  
  151  15:06  Marine x6  
  151  15:07  Marine x2  
  157  15:11  Marine x2  
  157  15:12  Marauder  
  161  15:16  Liberator x2  
  161  15:18  Barracks Tech Lab  
  161  15:20  Unknown  
  161  15:21  Unknown x2  
  156  15:24  Marine x3  
  159  15:31  Marauder, Marine  
  159  15:32  Barracks Reactor  
  159  15:33  Refinery x2  
  168  15:37  Command Center  
  168  15:39  Marauder, Marine x2  
  172  15:45  Ghost Academy  
  172  15:59  Liberator x2, Widow Mine x2  
  176  16:04  Terran Ship Weapons Level 2, Starport Reactor  
  176  16:07  Marauder x2, Marine x4  
  169  16:35  Marauder, Marine  
  169  16:36  Marine x4  
  176  16:41  Liberator  
  176  16:42  Liberator  
  176  16:44  Viking  
  178  16:48  Viking  
  178  16:49  Marine x4  
  178  16:52  Marauder, Marine  
  178  16:53  Marine x2  
  189  16:56  Marauder  
  189  16:57  Marine  
  189  16:58  Marine  
  199  17:05  Missile Turret  
  199  17:09  Missile Turret  
  199  17:11  Missile Turret, Marine  
  200  17:15  Planetary Fortress  
  200  17:20  Liberator  
  200  17:21  Liberator  
  198  17:24  Liberator  
  198  17:28  Liberator  
  194  17:35  Marauder, Marine x2  
  194  17:36  Marauder  
  198  17:57  Refinery x2  
  200  17:58  Marauder  
  200  18:00  Missile Turret  
  200  18:03  Liberator  
  200  18:04  Missile Turret  
  152  18:19  Marine x2  
  153  18:20  Marauder x3, Marine x2  
  153  18:21  Liberator  
  153  18:26  Marauder, Marine  
  169  18:36  Liberator  
  169  18:39  Command Center  
  174  18:41  Marauder  
  174  18:42  Marauder, Marine x2  
  174  18:47  Liberator  
  177  18:55  Ghost x2  
  177  19:02  Ghost  
  176  19:03  Marine x6  
  176  19:04  Orbital Command  
  176  19:05  Marine x2  
  176  19:06  Marauder  
  176  19:15  Liberator, Missile Turret x2  
  176  19:17  Medivac  
  176  19:21  Marine  
  179  19:24  Marauder x2  
  179  19:26  Ghost  
  188  19:44  SCV x3  
  191  19:48  Missile Turret  
  191  19:49  Missile Turret  
  190  19:55  Marine x2  
  190  19:56  Marauder x3, SCV x2, Marine  
  189  20:03  Medivac x2  
  189  20:07  Missile Turret, Marauder, Marine  
  196  20:17  Marauder  
  196  20:20  Marine x2  
  196  20:21  Marauder x2  
  196  20:22  Viking x2  
  199  20:30  Marine  
  199  20:32  Marine  
  200  20:41  Marine  
  199  20:46  SCV  
  199  20:47  SCV  
  200  20:50  Marine  
  187  20:58  Viking x3  
  187  20:59  Viking  
  187  21:00  Marine x8  
  187  21:01  Marine  
  198  21:05  Marine x2  
  198  21:08  Marine  
  196  21:13  Concussive Shells  
  196  21:17  Marine x2  
  196  21:18  Marine x4  
  200  21:19  Marauder  
  200  21:22  Marine  
  200  21:23  Marauder, Marine  
  200  21:25  Terran Ship Weapons Level 3  
  200  21:26  Marine  
  200  21:28  Viking x3  
  200  21:32  Marine  
  193  21:35  Marine x4  
  193  21:36  Marine x2  
  178  21:40  Marine  
  178  21:41  Marauder, Marine  
  178  21:44  Marine x2  
  178  21:45  Viking  
  156  21:49  Marine  
  156  21:53  Marine x6  
  146  21:58  Marine, Viking x3  
  146  21:59  Marine  
  143  22:01  Marine  
  143  22:02  Marine  
  143  22:10  Marine  
  143  22:11  Marine  
  143  22:14  Marine x2  
  143  22:15  Medivac  
  145  22:16  Marine  
  145  22:20  Marine x2  
  145  22:21  Marine  
  145  22:22  Marine  
  151  22:27  Marine x3  
  151  22:28  Marine, Medivac x3  
  151  22:29  Marine  
  157  22:31  Widow Mine  
  157  22:34  Widow Mine  
  159  22:42  Marine x4  
  159  22:43  Liberator  
  163  22:45  Medivac  
  163  22:46  Marine x2  
  163  22:47  Marine x6  
  173  22:58  Liberator, Medivac x2  
  173  23:00  Marine x4  
  184  23:11  Liberator  
  184  23:19  Marine  
  187  23:20  Marauder x2, Marine x2  
  187  23:21  Marine x2  
  171  23:35  Marine x5  
  171  23:37  Marine  
  169  23:42  Ghost  
  169  23:45  Refinery, Marauder, Marine x3  
  169  23:47  Refinery  
  174  23:54  Marauder  
  176  23:58  Marine x6  
  182  24:03  SCV, Marine  
  182  24:04  SCV  
  182  24:08  Unknown  
  182  24:09  Unknown x8  
  185  24:10  Unknown x2  
  185  24:16  SCV  
  186  24:21  Viking  
  186  24:22  Viking, Marine x2  
  186  24:23  Marauder x2  
  186  24:32  Marine  
  186  24:33  Marauder  
  189  24:41  Marine x2  
  189  24:45  Viking x2  
  192  24:46  Marine x4, Widow Mine  
  179  24:53  Orbital Command  
  179  24:55  Marine x3  
  179  24:56  Marine  
  179  24:57  Viking  
  172  25:03  Marine x3  
  172  25:05  Marine  
  164  25:13  Marine x2  
  149  25:22  Marine x3  
  103  25:43  Marine x4  
  103  25:49  Marine x2  
  104  26:21  Marine x6  
  104  26:22  Marine x3  
  104  26:24  Refinery  
  104  26:25  SCV  
Tags
 
Add a new tag
Caveats
  • Supply blocks, unpowered buildings, or Contaminate may cause inaccurate times.
  • Supply counts are checked every 10 seconds.